 Dungeon Crawl Stone Soup version 0.17-a0-2171-ga91b4ec (webtiles) character file.

56 M4edhros the Charlatan (level 3, -1/23 HPs)
             Began as an Octopode Artificer on Oct 25, 2015.
             Slain by a gnoll
             ... wielding a +0 flail
              (11 damage)
             ... on level 2 of the Dungeon.
             The game lasted 00:01:53 (969 turns).

M4edhros the Charlatan (Octopode Artificer)          Turns: 969, Time: 00:01:53

Health: -1/23      AC:  1    Str: 10    XL:     3   Next: 95%
Magic:  15/15      EV: 12    Int: 14    God:
Gold:   95         SH:  0    Dex: 13    Spells: 0 memorised, 2 levels left

rFire  . . .     SeeInvis .     g - +0 spear
rCold  . . .     Clarity  .     (no shield)
rNeg   . . .     SustAt   .     (helmet restricted)
rPois  .         Gourm    .     (no amulet)
rElec  .         Spirit   .     f - ring of magical power
rCorr  .         Warding  .     (no ring)
rMut   .         Stasis   .     (no ring)
MR     .....                    (no ring)
Stlth  ++++......               (no ring)
                                (no ring)
                                (no ring)
                                (no ring)

@: not resistant to hostile enchantments, stealthy
A: almost no armour, amphibious, 8 rings, constrict 8, camouflage 1, gelatinous
body 1
a: no special abilities


You were on level 2 of the Dungeon.
You were not hungry.

You visited 1 branch of the dungeon, and saw 3 of its levels.

You collected 95 gold pieces.

Inventory:

Hand Weapons
 a - a +0 short sword
 g - a +0 spear (weapon)
Jewellery
 f - a ring of magical power (left tentacle)
Wands
 b - a wand of flame (15)
 c - a wand of enslavement (13)
 d - a wand of random effects (15)
Scrolls
 j - a scroll of remove curse
Comestibles
 e - 2 bread rations
 i - 2 meat rations
 n - a royal jelly


   Skills:
 - Level 1.0 Fighting
 - Level 1.0 Short Blades
 - Level 2.0 Dodging
 + Level 3.9 Stealth
 + Level 4.2 Evocations


You had 2 spell levels left.
You didn't know any spells.

Dungeon Overview and Level Annotations

Branches:
Dungeon (3/15)

Altars:
Nemelex Xobeh

Annotations:
D:2 Jessica
D:3 M4edhros's ghost, weakling OpAr


Innate Abilities, Weirdness & Mutations

You cannot wear most types of armour.
You are amphibious.
You can wear up to eight rings at the same time.
You can use your tentacles to constrict eight enemies at once.
Your skin changes colour to match your surroundings (Stealth).
Your rubbery body absorbs attacks (AC +1).


Message History

Aim: a gnoll, wielding a flail Attack!
Jessica points at the gnoll and mumbles some strange words.
The gnoll convulses in agony!
A giant gecko comes into view.
Jessica gestures at the gnoll while chanting.
The gnoll convulses in agony!
The giant gecko bites Jessica but does no damage.
Jessica hits the gnoll with a club.
The giant gecko bites Jessica.
Attack whom?
Press: ? - help, Dir - move target cursor, f/p - gnoll
Aim: a gnoll, wielding a flail (severely wounded)
You reach to attack!
You hit the gnoll.
The gnoll is almost dead.
Jessica casts a spell.
Jessica blinks!
You barely miss the gnoll. You grab the gnoll.
The gnoll is almost dead.
You constrict the gnoll. The gnoll hits you with a flail!
You die...

...#.......##............
.......>.................
$.####)....##..#(........
+.........#'##.#....
#................#..
.####...............##..
.......................
........g...........##.
.......@g..............
...........^..†.....##.
............l.#.#.....
.....#####.#@...#.######
§.... #......#.#....#
.... #....#........# ..#
#....#.#...#### ..
#....#.........
#....####......


You could see 2 gnolls, a giant gecko and the friendly Jessica.

Vanquished Creatures
  An adder (D:2)
  2 gnolls
  An ooze (D:1)
  A giant cockroach (D:2)
  3 goblins
  4 hobgoblins
  2 kobolds
  A bat (D:2)
  4 rats
19 creatures vanquished.

Vanquished Creatures (collateral kills)
  A gnoll (D:2)
1 creature vanquished.

Grand Total: 20 creatures vanquished

Notes
Turn   | Place    | Note
--------------------------------------------------------------
     0 | D:1      | M4edhros the Octopode Artificer began the quest for the Orb.
     0 | D:1      | Reached XP level 1. HP: 13/13 MP: 3/3
   108 | D:1      | Reached XP level 2. HP: 18/18 MP: 4/4
   333 | D:2      | Reached skill level 4 in Evocations
   333 | D:2      | Reached XP level 3. HP: 20/23 MP: 6/6
   398 | D:3      | Found a sparkling altar of Nemelex Xobeh.
   465 | D:3      | Noticed M4edhros's ghost (weakling OpAr)
   926 | D:2      | Noticed Jessica
   969 | D:2      | Slain by a gnoll

Vault maps used:
D:1:      lightli_arrival_noodles
D:2:      nicolae_gozag_seed_capital, kennysheep_cross_bottleneck,
          grunt_dithmenos_smoke, uniq_jessica
D:3:      nicolae_overflow_hidden_temple

Action                   || total
-------------------------++-------
Melee: Short sword       ||     5
       Spear             ||    39
Evoke: Wand              ||     2
  Use: Scroll            ||     3
       Potion            ||     1
 Stab: Sleeping          ||     5
       Distracted        ||     2
